AoeStats
← 葛瓦斯

Golden Pit

509275423Analyzed
1v1 RM · 6d ago on Sep 26, 2026· 42m 34s· 2 players
Game mode
Random Map
Map size
Tiny (2 player)
Population
200
Speed
Normal
Resources
Standard
Victory
Conquest
Starting age
Dark Age
Ending age
Imperial Age
RankedLock teamsTeams togetherTeam positionsShared explorationLock speedFull tech treeHidden civsTurbo modeCheats
Victory
Defeat
🇨🇴 Burgundians · Colombia
882
+17
🇨🇳 Poles · China
899
-17
rudencindo35
1:26 Loom
7:43 Double-Bit Axe
7:40 Horse Collar
12:19 Feudal Age
12:27 Gold Mining
13:15 Heavy Plow
16:00 Bow Saw
22:02 Castle Age
21:15 Forging
21:33 Scale Mail Armor
22:41 Scale Barding Armor
22:50 Husbandry
22:54 Stone Mining
23:12 Cavalier
27:20 Wheelbarrow
29:09 Two-Man Saw
33:45 Imperial Age
31:41 Chain Barding Armor
32:07 Murder Holes
32:57 Crop Rotation
33:06 Gold Shaft Mining
34:09 Iron Casting
34:47 Stone Shaft Mining
35:22 Plate Barding Armor
36:14 Paladin
38:49 Blast Furnace
38:51 Pikeman
39:49 Chain Mail Armor
41:00 Ballistics
葛瓦斯
11:15 Feudal Age
12:40 Horse Collar
16:47 Castle Age
18:22 Heavy Plow
18:12 Loom
19:38 Wheelbarrow
24:13 Hand Cart
28:28 Imperial Age
26:15 Hand Cart
27:03 Hand Cart
29:29 Bloodlines
29:20 Husbandry
28:41 Light Cavalry
32:53 Forging
32:48 Scale Barding Armor
32:44 Scale Mail Armor
32:35 Fletching
34:05 Crop Rotation
33:00 Winged Hussar
34:04 Conscription
33:51 Szlachta Privileges
35:39 Iron Casting
35:25 Chain Barding Armor
38:18 Blast Furnace
37:35 Chain Mail Armor
37:17 Double-Bit Axe
37:48 Gold Mining
37:49 Stone Mining
38:37 Lechitic Legacy
38:54 Hoardings
39:43 Chemistry
41:01 Plate Mail Armor
Connection lost

Rejoining the realm…

Still unreachable

The connection could not be restored.

Session expired

The server has moved on; the page needs a fresh start.